[Event "Team 45 45 League T83"]
[Site "Internet Chess Club"]
[Date "2019.12.29"]
[Round "1"]
[White "tightfist"]
[Black "dabodhi"]
[Result "1-0"]
[WhiteElo "1464"]
[BlackElo "1311"]
[Opening "Queen's pawn game"]
[ECO "E10"]
[Time "20:03:55"]
[TimeControl "2700+45"]

1. Nf3 Nf6 2. c4 e6 3. d4 d5 4. e3 Be7 5. Nc3 O-O 6. Bd3 dxc4 7. Bxc4 a6 8. a4
Nc6 9. O-O Na5 10. Bd3 Nc6 11. b3 Bd7 12. Ba3 Nb4 13. Be2 Nbd5 14. Qc2 Nxc3 15.
Bxe7 Qxe7 16. Qxc3 Nd5 17. Qc4 b5 18. axb5 Bxb5 19. Qc2 Nb4 20. Qd2 Rfd8 21. Bc4
c5 22. Qe2 Qb7 23. dxc5 Bxc4 24. Qxc4 Rd5 25. Rfd1 Rad8 26. Rd4 Qb5 27. Rc1 Qxc4
28. Rcxc4 Nc6 29. Rxd5 Rxd5 30. Kf1 Kf8 31. Ke2 Na5 32. Rc3 Nc6 33. e4 Rd8 34.
Rd3 Ke7 35. Rxd8 Nxd8 36. Kd3 Nc6 37. Kc4 f6 38. b4 Kd7 39. b5 axb5+ 40. Kxb5
Kc7 41. h4 h5 42. g3 e5 43. Kc4 Ne7 44. Nd2 Kc6 45. Kb4 g6 46. Nb3 f5 47. Na5+
Kc7 48. f3 Nc6+ 49. Nxc6 Kxc6 50. exf5 gxf5 51. Kc4 f4 52. gxf4 exf4 53. Kd4 Kc7
54. Ke4 Kc6 55. Kxf4 Kxc5 56. Kg5 Kd5 57. Kf6 Kd6 58. f4 Kd7 59. f5 Ke8 60. Kg7
Ke7 61. f6+ Ke8 62. f7+ {Black resigns} 1-0

[Event "Team 45 45 League T83"]
[Site "Internet Chess Club"]
[Date "2019.12.27"]
[Round "1"]
[White "ghostfire"]
[Black "kabindra"]
[Result "1-0"]
[WhiteElo "1727"]
[BlackElo "1727"]
[Opening "QGD Slav defense"]
[ECO "D10"]
[Time "17:00:58"]
[TimeControl "2700+45"]

1. d4 d5 2. c4 c6 3. Nc3 Nf6 4. e3 Bf5 5. Nf3 Na6 6. Bd3 Ne4 7. cxd5 cxd5 8. Ne5
Qa5 9. Bb5+ Kd8 10. Nxf7+ Kc7 11. Qb3 Rg8 12. O-O e6 13. Nxe4 Bxe4 14. f3 Bg6
15. e4 Bxf7 16. Bf4+ Kd8 17. exd5 exd5 18. Rfe1 Be7 19. Rxe7 Kxe7 20. Qe3+ Be6
21. Bg5+ Kf7 22. Qf4+ Kg6 23. Bd3+ {Black resigns} 1-0

[Event "Team 45 45 League T83"]
[Site "Internet Chess Club"]
[Date "2020.01.03"]
[Round "1"]
[White "Hectormercado"]
[Black "PJ"]
[Result "0-1"]
[WhiteElo "1472"]
[BlackElo "1536"]
[Opening "French: King's Indian attack"]
[ECO "C00"]
[Time "10:11:38"]
[TimeControl "2700+45"]

1. e4 e6 2. d3 d5 3. Nd2 Nf6 4. Ngf3 c5 5. g3 Be7 6. Bg2 dxe4 7. dxe4 O-O 8. O-O
Nc6 9. e5 Nd5 10. c4 Ndb4 11. Re1 Nd3 12. Re3 Nxc1 13. Rxc1 Qc7 14. Nf1 Rd8 15.
Qe2 b6 16. h4 Bb7 17. N1h2 Rd7 18. Ng5 Bxg5 19. hxg5 Nd4 20. Qh5 Bxg2 21. Kxg2
g6 22. Qh6 Nf5 23. Qh3 Nxe3+ 24. fxe3 Qxe5 25. Qh6 Rd2+ 26. Kh3 Rxh2+ {White
resigns} 0-1

[Event "Team 45 45 League T83"]
[Site "Internet Chess Club"]
[Date "2020.01.04"]
[Round "1"]
[White "zugknightly"]
[Black "Andaluz"]
[Result "1/2-1/2"]
[WhiteElo "1658"]
[BlackElo "1388"]
[Opening "Catalan opening"]
[ECO "E00"]
[Time "14:00:45"]
[TimeControl "2700+45"]

1. d4 Nf6 2. c4 e6 3. g3 d5 4. Nf3 c5 5. Bg2 Nc6 6. O-O Be7 7. dxc5 O-O 8. a3
dxc4 9. Qc2 Bxc5 10. Qxc4 Qd5 11. Qxd5 Nxd5 12. b4 Bb6 13. Bb2 a6 14. Nbd2 Bd8
15. Nc4 Bc7 16. Rac1 Nb6 {Game drawn by mutual agreement} 1/2-1/2

[Event "Team 45 45 League T83"]
[Site "Internet Chess Club"]
[Date "2019.12.27"]
[Round "1"]
[White "howah45"]
[Black "chesskix"]
[Result "1-0"]
[WhiteElo "1239"]
[BlackElo "1270"]
[Opening "Sicilian: Labourdonnais-Löwenthal variation"]
[ECO "B32"]
[Time "20:01:30"]
[TimeControl "2700+45"]

1. e4 c5 2. Nf3 Nc6 3. d4 cxd4 4. Nxd4 e5 5. Nf3 Nf6 6. Nc3 Be7 7. Bc4 O-O 8.
O-O d6 9. Be3 Ng4 10. h3 Nxe3 11. fxe3 a6 12. Bb3 Bg5 13. Qe2 Bh6 14. Rad1 Ne7
15. Nh4 g6 16. Rf6 Qb6 17. Rd3 Be6 18. Bxe6 fxe6 19. Rxe6 Bg5 20. Nf3 Bf6 21. b3
Rad8 22. Qd2 Nc8 23. Nd5 Qc6 24. Rxf6 Rxf6 25. Nxf6+ Kg7 26. Nd5 Qc5 27. Ng5 Re8
28. Qf2 Qa3 29. Qf6+ Kh6 30. Nf7+ {Black resigns} 1-0

[Event "Team 45 45 League T83"]
[Site "Internet Chess Club"]
[Date "2019.12.26"]
[Round "1"]
[White "Bumun"]
[Black "ascoli"]
[Result "1-0"]
[WhiteElo "1706"]
[BlackElo "1510"]
[Opening "French: advance, Paulsen attack"]
[ECO "C02"]
[Time "08:01:37"]
[TimeControl "2700+45"]

1. e4 e6 2. d4 d5 3. e5 c5 4. c3 Nc6 5. Nf3 Qb6 6. a3 c4 7. Nbd2 Na5 8. g3 Bd7
9. Rb1 Rc8 10. b4 cxb3 11. Nxb3 Rxc3 12. Nfd2 Ba4 13. Nxa5 Bxd1 14. Rxb6 axb6
15. Bb5+ Kd8 16. Nxb7+ Kc7 17. Kxd1 Kxb7 18. Bb2 Rc7 19. Nf1 Ne7 20. Ne3 Nc6 21.
Kd2 Be7 22. Rc1 Rhc8 23. f4 Na5 24. Rxc7+ Kxc7 25. Ke2 Kb7 26. Kd3 Nc6 27. Kd2
Ra8 28. Nc2 Na7 29. Bd3 g6 30. a4 Kc6 31. Bc3 b5 32. a5 Nc8 33. Be2 Na7 34. Bd3
Kb7 35. Be2 Ka6 36. Na1 Nc6 37. Nb3 Bb4 38. Bxb4 Nxb4 39. g4 Nc6 40. f5 Ra7 41.
fxe6 fxe6 42. g5 Re7 43. Bg4 Nxa5 44. Nc5+ Kb6 45. Nxe6 b4 46. Nf4 b3 47. Nxd5+
Kb5 48. Nxe7 Kb4 49. e6 b2 50. Kc2 Ka3 51. Nd5 Nc4 52. e7 Ka2 53. Nc3+ Ka1 54.
e8=Q {Black resigns} 1-0

[Event "Team 45 45 League T83"]
[Site "Internet Chess Club"]
[Date "2019.12.29"]
[Round "1"]
[White "President"]
[Black "Yedixon"]
[Result "0-1"]
[WhiteElo "1545"]
[BlackElo "1659"]
[Opening "Nimzovich-Larsen attack"]
[ECO "A01"]
[Time "15:03:44"]
[TimeControl "2700+45"]

1. b3 d6 2. Bb2 e5 3. e3 f5 4. d4 e4 5. d5 Nf6 6. Nc3 Nbd7 7. Nh3 Ne5 8. Nf4 Be7
9. Bb5+ c6 10. dxc6 bxc6 11. Bxc6+ Nxc6 12. Ncd5 O-O 13. Nxe7+ Nxe7 14. Bxf6
Rxf6 15. Nd5 Qa5+ 16. b4 Qxd5 17. Qxd5+ Nxd5 18. a3 Ba6 19. Kd2 Rc8 20. Rhd1 Nc3
21. Re1 d5 22. a4 Bb7 23. Ra3 Rfc6 24. b5 Rc4 25. Rea1 d4 26. exd4 Rxd4+ 27. Ke3
Rd1 28. Rxd1 Nxd1+ 29. Kf4 g6 30. g4 Rxc2 31. gxf5 Rxf2+ 32. Kg3 gxf5 33. Ra1
Rd2 34. Rc1 e3 35. Rc7 e2 36. Rxb7 e1=Q+ 37. Kf4 Qe4+ 38. Kg5 Rg2+ 39. Kf6 Rg6#
{White checkmated} 0-1

[Event "Team 45 45 League T83"]
[Site "Internet Chess Club"]
[Date "2020.01.02"]
[Round "1"]
[White "seattleblues"]
[Black "liujf"]
[Result "1/2-1/2"]
[WhiteElo "1248"]
[BlackElo "1556"]
[Opening "Bogo-Indian defense"]
[ECO "E11"]
[Time "21:12:44"]
[TimeControl "2700+45"]

1. d4 Nf6 2. c4 e6 3. Nf3 Bb4+ 4. Bd2 c5 5. Bxb4 cxb4 6. e3 O-O 7. Nbd2 d6 8.
Be2 Nc6 9. O-O e5 10. dxe5 dxe5 11. Nb3 Bf5 12. Qxd8 Rfxd8 13. Rac1 h6 14. h3
Rd6 15. Rfd1 Rad8 16. Nc5 Rxd1+ 17. Rxd1 Rxd1+ 18. Bxd1 b6 19. Nb3 Bd3 20. Nbd2
e4 21. Ne1 Ne5 22. b3 Kf8 23. g3 Ke7 24. Bc2 Bxc2 25. Nxc2 Nc6 26. Nd4 Nxd4 27.
exd4 {Game drawn by mutual agreement} 1/2-1/2

[Event "Team 45 45 League T83"]
[Site "Internet Chess Club"]
[Date "2019.12.29"]
[Round "1"]
[White "bardu"]
[Black "isaac13"]
[Result "1-0"]
[WhiteElo "1379"]
[BlackElo "1145"]
[Opening "King's Indian: 6.Be2"]
[ECO "E91"]
[Time "10:21:18"]
[TimeControl "2700+45"]

1. d4 d6 2. Nf3 Nf6 3. c4 g6 4. Nc3 Bg7 5. e4 O-O 6. Be2 Bg4 7. Be3 Re8 8. Qd2
e5 9. dxe5 dxe5 10. Qxd8 Rxd8 11. Nxe5 Bxe2 12. Kxe2 Nxe4 13. Nxe4 Bxe5 14. Rhd1
Nc6 15. Rxd8+ Rxd8 16. Nc3 f5 17. Bg5 Rd4 18. Rd1 Rxd1 19. Nxd1 Nd4+ 20. Kd3 Ne6
21. Be3 f4 22. Bxa7 g5 23. Ke4 Bf6 24. Kf5 Kf7 25. f3 b6 26. b4 Nd8 27. b5 Bd4
28. a4 Nb7 29. Kxg5 Na5 30. Kxf4 Nxc4 31. Bb8 Be5+ 32. Ke4 Bxh2 33. Kd5 Nd2 34.
Kc6 h5 35. Bxc7 Bxc7 36. Kxc7 Nc4 37. Nc3 Kf6 38. Nd5+ Kf5 39. Nxb6 Na5 40. Nd5
Nb3 41. b6 Na5 42. b7 Ke5 43. b8=Q Kxd5 44. Qb5+ Kd4 45. Qxa5 {Black resigns}
1-0

[Event "Team 45 45 League T83"]
[Site "Internet Chess Club"]
[Date "2020.01.01"]
[Round "1"]
[White "achessman"]
[Black "room-matt"]
[Result "0-1"]
[WhiteElo "1820"]
[BlackElo "1836"]
[Opening "Réti: King's Indian attack (Barcza system)"]
[ECO "A07"]
[Time "11:09:38"]
[TimeControl "2700+45"]

1. Nf3 d5 2. g3 Nf6 3. Bg2 g6 4. O-O Bg7 5. c4 d4 6. e3 c5 7. exd4 cxd4 8. d3
Nc6 9. Re1 O-O 10. Bf4 Nd7 11. a3 a5 12. b3 Nc5 13. Ne5 Bxe5 14. Bxe5 Bf5 15.
Bxc6 bxc6 16. Qf3 Nxd3 17. Re2 Qd7 18. Nd2 f6 19. Bf4 Nxf4 20. Qxf4 Bd3 21. Ree1
e5 22. Qh6 Rab8 23. Ra2 Qf5 24. Qh4 Rfd8 25. Rb2 a4 26. b4 Rb7 27. g4 Qf4 28.
Qg3 Qxg3+ 29. hxg3 h6 30. f3 Rf7 31. Ra2 Kg7 32. Raa1 Rh8 33. Kg2 Re7 34. Rac1
f5 35. gxf5 gxf5 36. c5 e4 37. fxe4 fxe4 38. Nc4 Bxc4 39. Rxc4 Rd8 40. Rcc1 e3
41. Rcd1 d3 42. b5 cxb5 43. c6 e2 44. Rd2 Rc7 45. Kf2 Rxc6 46. Rexe2 Rf8+ 47.
Kg2 dxe2 {White resigns} 0-1

[Event "Team 45 45 League T83"]
[Site "Internet Chess Club"]
[Date "2019.12.30"]
[Round "1"]
[White "bobhill"]
[Black "cadmiumorange"]
[Result "0-1"]
[WhiteElo "1786"]
[BlackElo "1833"]
[Opening "Modern defense"]
[ECO "A40"]
[Time "10:00:38"]
[TimeControl "2700+45"]

1. d4 g6 2. Nf3 Bg7 3. Bg5 h6 4. Bh4 d6 5. e4 Nf6 6. Nbd2 O-O 7. Bd3 Nc6 8. c3
e5 9. d5 Ne7 10. O-O g5 11. Bg3 Ng6 12. Re1 Nf4 13. Nf1 Nxd3 14. Qxd3 Nxe4 15.
Qxe4 f5 16. Qc2 f4 17. h3 fxg3 18. Nxg3 Bxh3 19. Nxg5 Qxg5 20. gxh3 Rf3 21. Re4
h5 22. h4 Qg6 23. Re2 Qg4 24. Re4 Rf4 25. Qe2 Qxe2 26. Rxe2 Rxh4 27. Kg2 Rf8 28.
Re4 Rxe4 29. Nxe4 Rf4 30. f3 Bh6 31. Kf2 h4 32. Rg1+ Kf7 33. Rg4 h3 34. Kg3 h2
35. Rxf4+ Bxf4+ 36. Kg2 Kg6 37. Nf2 Kg5 38. c4 Be3 39. Nh3+ Kf5 40. Kxh2 e4 41.
Kg2 Bd4 42. b3 e3 43. Ng1 Bc5 44. Ne2 a5 45. Kf1 Ke5 46. Ke1 Bb4+ 47. Kd1 Bd2
48. Kc2 c6 49. dxc6 bxc6 50. a3 d5 51. Kd3 c5 52. cxd5 Kxd5 53. Nc3+ Ke5 54. Ne2
Kd5 55. f4 a4 56. bxa4 c4+ 57. Kc2 Ke4 58. Kd1 Ba5 59. Kc2 Kd5 60. Kd1 Ke4 61.
Kc2 Kd5 62. f5 Ke5 63. Kd1 Kxf5 64. Nd4+ Ke4 65. Nc6 Bc3 66. a5 Kd3 67. Nb4+
Bxb4 68. axb4 e2+ 69. Ke1 c3 {White resigns} 0-1

[Event "Team 45 45 League T83"]
[Site "Internet Chess Club"]
[Date "2019.12.28"]
[Round "1"]
[White "Yedixon"]
[Black "Bumun"]
[Result "1/2-1/2"]
[WhiteElo "1663"]
[BlackElo "1704"]
[Opening "English: Caro-Kann defensive system"]
[ECO "A11"]
[Time "09:13:46"]
[TimeControl "2700+45"]

1. c4 c6 2. Nc3 Nf6 3. e4 d5 4. e5 d4 5. exf6 dxc3 6. bxc3 gxf6 7. d4 e5 8. Qe2
Bg7 9. f4 O-O 10. Ba3 Re8 11. O-O-O exd4 12. Rxd4 Bd7 13. Qd2 f5 14. Rd3 Qc7 15.
Bd6 Qa5 16. Rg3 Kh8 17. Nh3 Be6 18. Ng5 Nd7 19. Bb4 Qc7 20. Bd3 Nf6 21. Re1 Rad8
22. Nxe6 fxe6 23. Rge3 Ne4 24. Qc2 Qxf4 25. Bxe4 fxe4 26. Qxe4 Bh6 27. Kc2 Qf2+
28. R1e2 Qf1 29. Re1 Qf2+ {Game drawn by mutual agreement} 1/2-1/2

[Event "Team 45 45 League T83"]
[Site "Internet Chess Club"]
[Date "2019.12.27"]
[Round "1"]
[White "Constrictor"]
[Black "mongmong"]
[Result "1/2-1/2"]
[WhiteElo "1523"]
[BlackElo "1463"]
[Opening "French: exchange variation"]
[ECO "C01"]
[Time "19:17:27"]
[TimeControl "2700+45"]

1. e4 e6 2. d4 d5 3. exd5 exd5 4. Nf3 Bd6 5. Bd3 Ne7 6. O-O Bg4 7. c3 Nbc6 8.
Re1 Qd7 9. Nbd2 O-O-O 10. b4 Rde8 11. b5 Nd8 12. Qa4 Kb8 13. Ba3 f6 14. Bc5 b6
15. Bxd6 Qxd6 16. Qc2 Qd7 17. a4 Bf5 18. a5 Bxd3 19. Qxd3 Qf5 20. Qe2 Qd7 21.
axb6 cxb6 22. Qd3 Nc8 23. c4 dxc4 24. Qxc4 Nd6 25. Qd5 N8b7 26. Qc6 Qxc6 27.
bxc6 Na5 28. d5 Rxe1+ 29. Rxe1 Re8 30. Rxe8+ Nxe8 31. Nd4 Kc7 32. Nb5+ Kb8 33.
Ne4 a6 34. Nbc3 Nc4 35. Kf1 Kc7 36. Ke2 Ned6 37. Kd3 Nxe4 38. Nxe4 Nd6 39. Nxd6
Kxd6 40. Kc4 g6 {Game drawn by mutual agreement} 1/2-1/2

[Event "Team 45 45 League T83"]
[Site "Internet Chess Club"]
[Date "2019.12.25"]
[Round "1"]
[White "QuieroAprender"]
[Black "cysk"]
[Result "1/2-1/2"]
[WhiteElo "1666"]
[BlackElo "1766"]
[Opening "Scandinavian: Pytel-Wade variation"]
[ECO "B01"]
[Time "18:04:19"]
[TimeControl "2700+45"]

1. e4 d5 2. exd5 Qxd5 3. Nc3 Qd6 4. Bb5+ Nc6 5. Nf3 a6 6. Be2 e5 7. O-O Nf6 8.
Re1 Be7 9. d3 O-O 10. h3 Bf5 11. b3 b5 12. Bb2 Rfe8 13. Nh4 Be6 14. a4 b4 15.
Na2 Nd4 16. Nf3 c5 17. Nxd4 exd4 18. Bf3 Rad8 19. Nc1 Qc7 20. Ne2 Bd6 21. Bc1 h6
22. Bd2 Re7 23. Qc1 Nd5 24. h4 Rde8 25. g3 Qb8 26. Nf4 Nxf4 27. Bxf4 Bxf4 28.
Qxf4 Qxf4 29. gxf4 Bf5 30. Rxe7 Rxe7 31. h5 a5 32. Kg2 g6 33. Kg3 Kg7 34. Rd1 g5
35. Rd2 Bd7 36. Re2 Rxe2 37. Bxe2 f5 38. Bf3 {Game drawn by mutual agreement}
1/2-1/2

[Event "Team 45 45 League T83"]
[Site "Internet Chess Club"]
[Date "2019.12.27"]
[Round "1"]
[White "fishhead"]
[Black "LuFran"]
[Result "0-1"]
[WhiteElo "1670"]
[BlackElo "1705"]
[Opening "Caro-Kann: two knights variation"]
[ECO "B10"]
[Time "17:00:59"]
[TimeControl "2700+45"]

1. e4 c6 2. Nf3 d5 3. Nc3 dxe4 4. Nxe4 Nd7 5. Bc4 Ngf6 6. Neg5 e6 7. Nxf7 Kxf7
8. Ng5+ Ke8 9. Nxe6 Qe7 10. O-O Ne5 11. Re1 Bxe6 12. Rxe5 Nd5 13. Qe2 Kf7 14. f4
Qc5+ 15. Kh1 Bd7 16. b4 Qd6 17. Bb2 Re8 18. f5 Rxe5 19. Bxe5 Qe7 20. Rf1 Kg8 21.
Qe4 h5 22. f6 gxf6 23. Rxf6 Rh6 24. Rg6+ Rxg6 25. Qxg6+ Bg7 26. d4 Qf7 27. Qxf7+
Kxf7 28. b5 Bxe5 29. dxe5 Ke6 30. bxc6 Bxc6 31. h4 Kxe5 32. g3 Kd4 33. Bd3 Be8
34. Kg2 Nb4 35. Bf5 Nxa2 36. Kf3 Nb4 37. g4 hxg4+ 38. Kxg4 Kc3 39. Kf4 Nxc2 40.
Ke5 b5 41. Kd5 b4 42. Be6 b3 43. Kc5 b2 44. Ba2 Kd2 45. Bb1 Kc1 46. Ba2 b1=Q 47.
Bxb1 Kxb1 48. Kc4 a5 49. h5 Ne3+ 50. Kb3 Bxh5 51. Ka4 Nc4 52. Kb5 Bf7 53. Ka4
Kb2 54. Kb5 Kb3 55. Kc5 a4 {White resigns} 0-1

[Event "Team 45 45 League T83"]
[Site "Internet Chess Club"]
[Date "2019.12.29"]
[Round "1"]
[White "kabindra"]
[Black "Goli"]
[Result "0-1"]
[WhiteElo "1709"]
[BlackElo "1705"]
[Opening "Robatsch (modern) defense"]
[ECO "B06"]
[Time "10:32:43"]
[TimeControl "2700+45"]

1. e4 g6 2. d4 Bg7 3. Be3 d6 4. f3 Nf6 5. Qd2 O-O 6. Bh6 Nc6 7. d5 Ne5 8. h4 Nh5
9. Bxg7 Kxg7 10. Ne2 e6 11. Nbc3 a6 12. O-O-O b5 13. g4 Nf6 14. Nd4 exd5 15.
Nxd5 Nxd5 16. exd5 Bb7 17. h5 Rh8 18. h6+ Kf8 19. Qf4 Bxd5 20. Bg2 c6 21. Rhe1
f6 22. Nxc6 Bxc6 23. Rxe5 Kf7 24. Ree1 Re8 25. Rxe8 Qxe8 26. Rxd6 Qe1+ 27. Rd1
Qe7 28. g5 Rd8 29. gxf6 Rxd1+ 30. Kxd1 Qxf6 31. Qc7+ Kf8 32. Qc8+ Be8 33. Qc5+
Kf7 34. f4 Qxf4 35. Bd5+ Kf6 36. Qb6+ Kg5 37. Qd8+ Kxh6 38. Bg8 Bc6 39. Qe7 Bf3+
40. Ke1 Qe4+ 41. Qxe4 Bxe4 42. c4 bxc4 43. Bxc4 Bb7 44. b4 Kg5 45. a4 h5 46. Kf2
h4 47. Kg1 Kf4 48. Kh2 g5 49. Bf1 g4 50. b5 a5 51. b6 Ke5 52. Bg2 Bxg2 {White
resigns} 0-1

[Event "Team 45 45 League T83"]
[Site "Internet Chess Club"]
[Date "2019.12.31"]
[Round "1"]
[White "Egmont"]
[Black "VictorRed"]
[Result "1/2-1/2"]
[WhiteElo "1677"]
[BlackElo "1631"]
[Opening "Queen's pawn"]
[ECO "A40"]
[Time "10:04:20"]
[TimeControl "2700+45"]

1. d4 c6 2. Nf3 d5 3. e3 Bg4 4. Nbd2 Nf6 5. Bd3 g6 6. c3 Bg7 7. Qb3 Qc7 8. O-O
O-O 9. Ne5 Bc8 10. f4 Ng4 11. Nxg4 Bxg4 12. e4 dxe4 13. Bxe4 Be6 14. Qc2 f5 15.
Bd3 c5 16. dxc5 Qxc5+ 17. Kh1 Nc6 18. Nf3 Bc4 19. Bxc4+ Qxc4 20. Qb3 Qxb3 21.
axb3 e5 22. fxe5 Nxe5 23. Nxe5 Bxe5 24. Be3 a6 25. Ra5 Bc7 26. Rd5 Rfe8 27. Bd4
Rad8 28. Rxd8 Bxd8 29. g3 Re2 30. Rf2 Rxf2 31. Bxf2 Kf7 32. Kg2 Ke6 33. Kf3 Kd5
34. Bd4 b5 35. g4 Bg5 36. Bg7 fxg4+ 37. Kxg4 Bc1 38. h4 h5+ 39. Kf3 g5 40. hxg5
Bxg5 41. Bf8 Bc1 42. Ba3 a5 43. Kg3 {Game drawn by mutual agreement} 1/2-1/2

[Event "Team 45 45 League T83"]
[Site "Internet Chess Club"]
[Date "2019.12.26"]
[Round "1"]
[White "Hectormercado"]
[Black "Mitochondria"]
[Result "0-1"]
[WhiteElo "1486"]
[BlackElo "1523"]
[Opening "Sicilian: Prins (Moscow) variation"]
[ECO "B55"]
[Time "21:01:04"]
[TimeControl "2700+45"]

1. e4 c5 2. Nf3 d6 3. d4 cxd4 4. Nxd4 Nf6 5. f3 e6 6. Be3 Be7 7. Nc3 a6 8. Qd2
O-O 9. g4 b5 10. O-O-O Bb7 11. h4 Nc6 12. h5 Nd7 13. Nb3 Nde5 14. f4 Nxg4 15.
Rg1 Nxe3 16. Qxe3 e5 17. Qg3 Bf6 18. h6 exf4 19. Qxf4 Be5 20. Qg4 g6 21. Nd5 Ne7
22. Na5 Bxd5 23. exd5 Qxa5 24. Qg5 Rfe8 {White resigns} 0-1

[Event "Team 45 45 League T83"]
[Site "Internet Chess Club"]
[Date "2019.12.29"]
[Round "1"]
[White "Waldomiro"]
[Black "Balderdash"]
[Result "1-0"]
[WhiteElo "1447"]
[BlackElo "1209"]
[Opening "Ruy Lopez: Cozio defense"]
[ECO "C60"]
[Time "09:00:45"]
[TimeControl "2700+45"]

1. e4 e5 2. Nf3 Nc6 3. Bb5 Nge7 4. c3 a6 5. Ba4 b5 6. Bc2 Ng6 7. d4 Nf4 8. Bxf4
exf4 9. Nbd2 d5 10. exd5 Qxd5 11. Qe2+ Be6 12. Be4 Qd7 13. d5 Bxd5 14. Bxd5+ Be7
15. Qe4 O-O 16. Bxc6 f5 17. Qd5+ Qxd5 18. Bxd5+ Kh8 19. Bxa8 Rxa8 20. O-O-O Bf6
21. Nb3 a5 22. Nbd4 b4 23. cxb4 axb4 24. Kb1 c5 25. Nxf5 c4 26. N5d4 c3 27. bxc3
bxc3 28. Rhe1 Rb8+ 29. Kc2 h5 30. Kxc3 Rc8+ 31. Kd3 g5 32. Re6 Bg7 33. Nxg5 Rd8
34. Nf7+ Kh7 35. Nxd8 h4 36. Re7 h3 37. Rxg7+ Kxg7 38. gxh3 Kg6 39. Ke4 Kg5 40.
Rg1+ Kh4 41. Kxf4 Kxh3 42. Rg8 Kxh2 43. a4 Kh3 44. a5 Kh2 45. a6 Kh1 46. a7 Kh2
47. a8=Q {Black resigns} 1-0

[Event "Team 45 45 League T83"]
[Site "Internet Chess Club"]
[Date "2019.12.26"]
[Round "1"]
[White "Toalla"]
[Black "guyd52"]
[Result "1-0"]
[WhiteElo "1274"]
[BlackElo "1237"]
[Opening "Modern defense"]
[ECO "A40"]
[Time "19:07:50"]
[TimeControl "2700+45"]

1. d4 g6 2. g3 Bg7 3. Bg2 Nf6 4. Nf3 d6 5. O-O O-O 6. c4 c6 7. b3 Re8 8. Bb2
Nbd7 9. Re1 Ng4 10. h3 Nh6 11. e4 e5 12. dxe5 Nxe5 13. Nxe5 Bxe5 14. Bxe5 Rxe5
15. Nc3 Be6 16. Qd2 Qd7 17. Qxh6 Rh5 18. Qf4 Bxh3 19. g4 Bxg4 20. Ne2 Kg7 21.
Ng3 Rh6 22. Re3 Bh3 23. Nf1 Be6 24. Rd1 Rd8 25. e5 d5 26. Qf6+ Kg8 27. cxd5 cxd5
28. Red3 Qc7 29. Ne3 Rh5 30. Nxd5 Bxd5 31. Bxd5 Rf8 32. Bxf7+ Rxf7 33. Rd8+ Rf8
34. Qxf8# {Black checkmated} 1-0

[Event "Team 45 45 League T83"]
[Site "Internet Chess Club"]
[Date "2019.12.30"]
[Round "1"]
[White "isaac13"]
[Black "howah45"]
[Result "1-0"]
[WhiteElo "1169"]
[BlackElo "1215"]
[Opening "Scandinavian: Pytel-Wade variation"]
[ECO "B01"]
[Time "14:25:27"]
[TimeControl "2700+45"]

1. e4 d5 2. exd5 Qxd5 3. Nc3 Qd6 4. Nf3 Nf6 5. d3 e5 6. Bg5 Be7 7. Be2 a6 8. O-O
Nc6 9. a3 Be6 10. b4 O-O 11. Nb1 Nd4 12. c4 Nxe2+ 13. Qxe2 Rfd8 14. Nxe5 Qd4 15.
Nd2 Bd6 16. Ndf3 Bg4 17. Qd2 Bxf3 18. Nxf3 Qg4 19. Rfe1 Re8 20. h3 Qf5 21. Nh4
Qd7 22. Bxf6 gxf6 23. d4 Be5 24. Rad1 Rad8 25. c5 Re6 26. Nf5 Bh2+ 27. Kxh2 Rxe1
28. Nh6+ Kg7 29. Rxe1 {Black resigns} 1-0

[Event "Team 45 45 League T83"]
[Site "Internet Chess Club"]
[Date "2020.01.01"]
[Round "1"]
[White "liujf"]
[Black "isolani"]
[Result "1-0"]
[WhiteElo "1563"]
[BlackElo "1389"]
[Opening "Queen's pawn: London system"]
[ECO "A45"]
[Time "17:06:05"]
[TimeControl "2700+45"]

1. d4 Nf6 2. Bf4 d5 3. e3 e6 4. Nd2 Be7 5. Bd3 Bd7 6. Ngf3 c5 7. c3 Nc6 8. Ne5
cxd4 9. exd4 O-O 10. Nxd7 Nxd7 11. Qh5 Nf6 12. Qh3 Qb6 13. Nb3 Rac8 14. Bg5 g6
15. Qh6 Ne4 16. Bxe7 Nxe7 17. Bxe4 dxe4 18. Qh4 Nd5 19. Qxe4 Qd6 20. O-O b6 21.
Rad1 Rfe8 22. Rfe1 a5 23. Nd2 b5 24. a3 Nxc3 25. bxc3 Rxc3 26. Nb1 Rc4 27. Re3
Rec8 28. Qe5 Qb6 29. Rb3 Rc1 30. Rd3 b4 31. axb4 axb4 32. Qe1 R1c2 33. Nd2 Qb5
34. Nb3 Ra8 35. h3 Raa2 36. R3d2 Qc4 37. Rxc2 Rxc2 38. Rb1 Rc3 39. Nd2 Qxd4 40.
Rb3 Rc2 41. Nf3 Qc4 42. Qxb4 Rc1+ 43. Kh2 Qc7+ 44. g3 Qc2 45. Kg2 Qd1 46. g4
Qf1+ 47. Kg3 Rc2 48. Qe1 Qc4 49. Rb8+ Kg7 50. Qe5+ f6 51. Rb7+ Kh6 {Black
resigns} 1-0

[Event "Team 45 45 League T83"]
[Site "Internet Chess Club"]
[Date "2020.01.04"]
[Round "1"]
[White "olivermx"]
[Black "BrerRabbit"]
[Result "1/2-1/2"]
[WhiteElo "1309"]
[BlackElo "1360"]
[Opening "Caro-Kann: exchange variation"]
[ECO "B13"]
[Time "10:38:06"]
[TimeControl "2700+45"]

1. e4 c6 2. d4 d5 3. exd5 cxd5 4. Bd3 Nc6 5. c3 Qc7 6. Bg5 Nf6 7. h3 h6 8. Bh4
e6 9. Bg3 Bd6 10. Bxd6 Qxd6 11. Nd2 O-O 12. Ngf3 e5 13. dxe5 Nxe5 14. Be2 Bf5
15. Nxe5 Qxe5 16. Nf3 Qc7 17. Nd4 Be6 18. O-O a6 19. Re1 Rfe8 20. Qc2 b5 21. b4
Rac8 22. Rac1 Ne4 23. Bf3 Nf6 24. Re3 Qc4 25. Be2 Qc7 26. a4 bxa4 27. Qxa4 Bd7
28. Qc2 Rxe3 29. fxe3 Qg3 30. Bxa6 Qxe3+ 31. Kh1 Re8 32. Nf3 Ne4 33. Qb2 Nf2+
34. Kh2 Nd3 35. Bxd3 Qxd3 36. Qd2 Qxd2 37. Nxd2 Re3 38. Nf3 Bb5 39. Nd4 Bc4 40.
Nf5 Re5 41. Nd4 Re3 42. Nf5 Re5 43. Nd4 Re3 {Game drawn by repetition} 1/2-1/2

[Event "Team 45 45 League T83"]
[Site "Internet Chess Club"]
[Date "2020.01.03"]
[Round "1"]
[White "Pawnchain"]
[Black "Conjurer"]
[Result "1-0"]
[WhiteElo "1525"]
[BlackElo "1155"]
[Opening "Sicilian: Smith-Morra gambit"]
[ECO "B21"]
[Time "13:04:32"]
[TimeControl "2700+45"]

1. e4 c5 2. d4 cxd4 3. c3 Nc6 4. cxd4 e5 5. d5 Nd4 6. Nc3 Nf6 7. Bd3 Bb4 8. Nf3
d6 9. h3 O-O 10. O-O a6 11. Nxd4 exd4 12. Ne2 Bc5 13. a3 b5 14. b4 Ba7 15. Bb2
Re8 16. f3 Nh5 17. Qe1 Qg5 18. Bc1 Qe5 19. f4 Qf6 20. Kh1 g6 21. Ng3 Qh4 22.
Nxh5 Qxe1 23. Nf6+ Kg7 24. Nxe8+ Kf8 25. Rxe1 Kxe8 26. e5 dxe5 27. fxe5 Bb7 28.
d6 Kd7 29. Bg5 Re8 30. Ra2 Ke6 31. Rae2 {Black resigns} 1-0

[Event "Team 45 45 League T83"]
[Site "Internet Chess Club"]
[Date "2019.12.27"]
[Round "1"]
[White "oldbookseller"]
[Black "jeffk"]
[Result "1-0"]
[WhiteElo "1037"]
[BlackElo "1072"]
[Opening "Colle system"]
[ECO "D05"]
[Time "13:00:11"]
[TimeControl "2700+45"]

1. d4 e6 2. Nf3 d5 3. e3 Nf6 4. Bd3 c5 5. c3 cxd4 6. exd4 Bd6 7. Nbd2 Nc6 8. O-O
O-O 9. g3 Bd7 10. c4 dxc4 11. Nxc4 Qc7 12. Bc2 Nb4 13. Qe2 Bb5 14. b3 Rfe8 15.
Ng5 e5 16. Nxh7 exd4 17. Nxf6+ Kf8 18. Nh7+ Kg8 19. Nf6+ Kf8 20. Qh5 Nxc2 21.
Qh8+ Ke7 22. Nd5+ {Black resigns} 1-0

[Event "Team 45 45 League T83"]
[Site "Internet Chess Club"]
[Date "2019.12.31"]
[Round "1"]
[White "Packerfan"]
[Black "QuieroAprender"]
[Result "0-1"]
[WhiteElo "1758"]
[BlackElo "1664"]
[Opening "Giuoco Piano"]
[ECO "C54"]
[Time "14:16:22"]
[TimeControl "2700+45"]

1. e4 e5 2. Nf3 Nc6 3. Bc4 Bc5 4. c3 Nf6 5. d3 h6 6. O-O O-O 7. b4 Bb6 8. b5 Na5
9. Nxe5 Qe8 10. Bf4 d6 11. Bxf7+ Rxf7 12. Nxf7 Qxf7 13. Qf3 Bg4 14. Qg3 Be2 15.
Re1 Nh5 16. Qh4 Nxf4 17. d4 Bxb5 18. Nd2 Ne2+ 19. Rxe2 Bxe2 20. Re1 Bc4 21. e5
dxe5 22. dxe5 Rf8 23. Nf3 Bxa2 24. Nd4 Bxd4 25. cxd4 Bd5 26. Qg3 Nc6 27. Qe3 Qf4
{White resigns} 0-1